 Dungeon Crawl Stone Soup version 0.17-a0-1667-g4ca74a1 (webtiles) character file.

2989 Grimur the Cleaver (level 9, -5/123 HPs)
             Began as a Minotaur Berserker on Aug 17, 2015.
             Was an Elder of Trog.
             Killed from afar by an orc warrior (28 damage)
             ... with a wand of lightning
             ... on level 7 of the Dungeon.
             The game lasted 00:23:46 (5991 turns).

Grimur the Cleaver (Minotaur Berserker)             Turns: 5991, Time: 00:23:46

Health: -5/123     AC: 10    Str: 27    XL:     9   Next: 53%
Magic:  8/8        EV: 10    Int:  4    God:    Trog [****..]
Gold:   404        SH:  5    Dex: 11    Spells: 0 memorised, 8 levels left

rFire  . . .     SeeInvis +     f - +2 war axe (chop)
rCold  . . .     Clarity  +     h - +0 scale mail
rNeg   . . .     SustAt   .     l - +2 buckler
rPois  .         Gourm    .     (helmet restricted)
rElec  .         Spirit   .     q - +0 cloak
rCorr  .         Warding  .     p - +0 pair of gloves
rMut   .         Rnd*Tele +     (no boots)
MR     .....                    e - amulet of clarity
Stlth  ..........               m - ring of see invisible
                                x - ring of teleportation

@: berserking, lethally poisoned (-5 -> -10), very quick, not resistant to
hostile enchantments, extremely unstealthy
A: retaliatory headbutt, horns 2, blurry vision 1, spit poison 1, weak 1,
evolution 1
a: Spit Poison, Burn Spellbooks, Berserk, Trog's Hand, Brothers in Arms,
Renounce Religion, Evoke Teleportation


You were on level 7 of the Dungeon.
You worshipped Trog.
Trog was greatly pleased with you.
You were not hungry.

You visited 1 branch of the dungeon, and saw 7 of its levels.

You collected 404 gold pieces.

Inventory:

Hand weapons
 a - a +1 mace
 f - a +2 war axe of chopping (weapon)
 n - a +0 whip
 u - a +0 shortbow
Missiles
 v - 17 arrows
Armour
 h - a +0 scale mail (worn)
 l - a +2 buckler (worn)
 p - a +0 pair of gloves (worn)
 q - a +0 cloak (worn)
Jewellery
 d - an uncursed ring of flight
 e - an amulet of clarity (around neck)
 m - a ring of see invisible (right hand)
 r - an uncursed ring of protection from fire
 x - a ring of teleportation (left hand)
Magical devices
 o - a wand of digging (6)
 y - a wand of lightning (6)
Scrolls
 b - 4 scrolls of enchant weapon
 C - a scroll of teleportation
Potions
 g - a potion of poison {unknown}
 j - 2 potions of agility
 k - a potion of haste
 s - a potion of magic
 w - a potion of brilliance
 z - a potion of invisibility
Comestibles
 c - 6 bread rations
 i - 7 meat rations
 t - a fruit
 A - 7 beef jerkies


   Skills:
 + Level 8.9 Fighting
 * Level 10.4(11.0) Axes
 - Level 5.6(8.8) Maces & Flails
 + Level 7.7 Armour
 - Level 2.9 Dodging


You had 8 spell levels left.
You didn't know any spells.

Dungeon Overview and Level Annotations

Branches:
Dungeon (7/15)             Temple (0/1) D:5

Altars:
Fedhas
Gozag
Qazlal
Ru
Sif Muna
Trog
Zin

Shops:
D:6 =


Innate Abilities, Weirdness & Mutations

You reflexively headbutt those who attack you in melee.
You have a pair of horns on your head.
Scrolls take you a little longer to read.
You can spit weak poison.
You are weak. (Str -2)
You evolve.


Message History

a short sword; a robe; an orc corpse You slash the orc priest!
The orc priest is almost dead.
You completely miss the orc warrior.
You feel sick.
The orc priest hits you with a short sword of venom.
You are more poisoned.
The orc warrior hits you with a dire flail!
* * * LOW HITPOINT WARNING * * *
Use which ability? (? or * to list)
A red film seems to cover your vision as you go berserk!
You feel yourself moving faster!
You feel mighty!
You feel somewhat more hungry.
You feel sick. You block the orc priest's attack.
The orc warrior barely misses you.
You slice the orc priest!!
You kill the orc priest!
Trog accepts your kill.
You barely miss the orc warrior.
You feel sick.
You closely miss the orc warrior. Your headbutt misses the orc warrior.
You feel sick.
The orc warrior zaps a wand.
The bolt of lightning hits you!
You die...

..# #.###.##########.....# #.#
..# #.....# #.....# #.#
..######..# #.....# #.#
..#.......# ##### #.....###.####
###.##.#..# #...# #.....#.......
#..#.#..# #...# #.............
##.#....###...# #####.#.......
####.#.........o########.#^......
#....#.........)@........#.......
#(####........###################
#.# #........ #.# ....... #.#
#####.. #.# #.. #.##### #..
#.....# #.. #####.#


You could see an orc warrior.

Vanquished Creatures
  The ghost of cireshan the Thaumaturge, an experienced DEFE of Sif Muna (D:7)
  Joseph (D:7)
  A two-headed ogre (D:6)
  Duvessa (D:7)
  2 ice beasts
  The ghost of emiel the Stinger, an average OgVM (D:4)
  2 sky beasts
  A centaur (D:5)
  3 ogres
  A water moccasin skeleton (D:4)
  Dowan (D:7)
  2 scorpions
  5 crimson imps
  2 gnoll shamans
  2 jellies
  An orc priest (D:7)
  Ijyb (D:3)
  2 hounds
  A giant frog skeleton (D:6)
  4 worker ants
  5 iguanas
  A worker ant zombie (D:7)
  9 adders
  9 gnolls
  2 oozes
  A worm (D:3)
  6 giant geckos
  10 orcs
  8 bats
  3 giant cockroaches
  10 hobgoblins
  10 jackals
  4 ball pythons
  A giant gecko skeleton (D:5)
  6 giant newts
  8 goblins
  8 kobolds
  A quokka (D:2)
  A quokka zombie (D:6)
  6 rats
  A plant (D:2)
145 creatures vanquished.

Vanquished Creatures (others)
  An orc (D:7)
1 creature vanquished.

Grand Total: 146 creatures vanquished

Notes
Turn   | Place    | Note
--------------------------------------------------------------
     0 | D:1      | Grimur the Minotaur Berserker began the quest for the Orb.
     0 | D:1      | Reached XP level 1. HP: 19/19 MP: 0/0
    94 | D:1      | Reached skill level 4 in Maces & Flails
   314 | D:1      | Reached XP level 2. HP: 8/26 MP: 1/1
   698 | D:1      | Reached skill level 5 in Maces & Flails
   886 | D:1      | Reached XP level 3. HP: 26/31 MP: 2/2
   982 | D:1      | Acquired Trog's second power
  1360 | D:2      | Found a glowing silver altar of Zin.
  1594 | D:2      | Found a stormy altar of Qazlal.
  1595 | D:2      | Noticed a water elemental
  1597 | D:2      | Noticed a fire elemental
  1597 | D:2      | Noticed an air elemental
  1597 | D:2      | Noticed an earth elemental
  1634 | D:2      | Found a bloodstained altar of Trog.
  1634 | D:2      | Found a sacrificial altar of Ru.
  1634 | D:2      | Found an opulent altar of Gozag.
  1970 | D:3      | Noticed Ijyb
  1983 | D:3      | Killed Ijyb
  1983 | D:3      | Reached XP level 4. HP: 30/40 MP: 3/3
  2305 | D:3      | Gained mutation: You are weak. (Str -2) [potion of mutation]
  2305 | D:3      | Gained mutation: Scrolls take you a little longer to read. [potion of mutation]
  2305 | D:3      | Gained mutation: You evolve. [potion of mutation]
  2403 | D:3      | Reached XP level 5. HP: 32/47 MP: 4/4
  2747 | D:4      | Reached skill level 1 in Axes
  2790 | D:4      | Noticed emiel's ghost (average OgVM)
  2803 | D:4      | Killed emiel's ghost
  2803 | D:4      | Reached skill level 5 in Fighting
  2872 | D:4      | Reached XP level 6. HP: 51/56 MP: 5/5
  3366 | D:5      | Entered Level 5 of the Dungeon
  3409 | D:5      | Found a staircase to the Ecumenical Temple.
  3480 | D:5      | Reached XP level 7. HP: 59/62 MP: 6/6
  3500 | D:5      | Acquired Trog's third power
  3502 | D:5      | Reached skill level 5 in Axes
  3504 | D:5      | Reached skill level 6 in Fighting
  3818 | D:5      | Reached skill level 5 in Armour
  3844 | D:5      | Gained mutation: You can spit weak poison. [mutagenic meat]
  3845 | D:5      | Lost mutation: Scrolls take you a little longer to read. [mutagenic meat]
  3847 | D:5      | Gained mutation: Scrolls take you a little longer to read. [mutagenic meat]
  3950 | D:5      | Reached XP level 8. HP: 71/71 MP: 7/7
  4087 | D:5      | Reached skill level 7 in Axes
  4201 | D:6      | Found Terapp's Jewellery Boutique.
  4329 | D:6      | Noticed a two-headed ogre
  4340 | D:6      | Killed a two-headed ogre
  4340 | D:6      | Reached skill level 8 in Axes
  4536 | D:6      | Found a deep blue altar of Sif Muna.
  4537 | D:6      | Found a blossoming altar of Fedhas.
  5206 | D:7      | Noticed Joseph
  5222 | D:7      | Killed Joseph
  5222 | D:7      | Reached skill level 9 in Axes
  5222 | D:7      | Reached XP level 9. HP: 49/81 MP: 8/8
  5610 | D:7      | Noticed Dowan
  5617 | D:7      | Killed Dowan
  5623 | D:7      | Noticed cireshan's ghost (experienced DEFE)
  5637 | D:7      | Killed cireshan's ghost
  5637 | D:7      | Reached skill level 10 in Axes
  5894 | D:7      | Noticed Duvessa
  5909 | D:7      | Killed Duvessa
  5991 | D:7      | Killed from afar by an orc warrior

Vault maps used:
D:1:      ncdulo_watergridlock
D:2:      nicolae_qazlal_style_of_elements, gammafunk_temple_overflow_forgotten,
          lemuel_crystal_altar
D:3:      uniq_iyjb
D:5:      minmay_temple_entry_glassed_door, first_bread
D:6:      gammafunk_temple_overflow_pools, serial_shops, shop
D:7:      grunt_ogre_cave, uniq_joseph, uniq_duvessa

Action                   |  1- 3 |  4- 6 |  7- 9 || total
-------------------------+-------+-------+-------++-------
Melee: Mace              |   124 |    47 |       ||   171
       War axe           |       |    57 |   157 ||   214
Invok: Berserk           |       |     2 |     5 ||     7
       Burn Spellbooks   |       |     1 |       ||     1
       Trog's Hand       |       |       |     1 ||     1
 Abil: Spit Poison       |       |       |     7 ||     7
  Use: Scroll            |     4 |     4 |     9 ||    17
       Potion            |     2 |     3 |     1 ||     6
  Eat: Chunk             |     3 |     5 |    11 ||    19
       Pizza             |       |     1 |     1 ||     2
       Bread ration      |       |     1 |       ||     1
       Fruit             |       |       |     1 ||     1
